 Dungeon Crawl Stone Soup version 0.27-a0-1188-g73eefd5def (webtiles) character file.

Game seed: 17968225342149733163

2171 siradein the Slicer (level 9, -8/61 HPs)
             Began as a Vampire Gladiator on May 21, 2021.
             Was a Follower of Uskayaw.
             Killed from afar by a swamp worm (11 damage)
             ... with a harpoon shot
             ... on level 7 of the Dungeon on May 22, 2021.
             The game lasted 00:11:48 (5589 turns).

siradein the Slicer (Vampire Gladiator)             Turns: 5589, Time: 00:11:48

Health: -8/61      AC:  9    Str: 13    XL:     9   Next: 11%
Magic:  14/14      EV: 14    Int: 10    God:    Uskayaw [*.....]
Gold:   239        SH:  0    Dex: 25    Spells: 8/8 levels left

rFire    . . .     SeeInvis +   w - +0 dagger (vamp)
rCold    . . .     Faith    .   (no shield)
rNeg     . . .     Spirit   .   b - +0 leather armour
rPois    .         Reflect  .   c - +0 helmet
rElec    .         Harm     .   q - +0 cloak
rCorr    .         Rampage  .   (no gloves)
Will     .....                  (no boots)
Stlth    ++........             (no amulet)
HPRegen  0.40/turn              m - +4 ring of protection
MPRegen  0.14/turn              z - +6 ring of dexterity

@: healing quickly
A: alive, fangs 3, see invisible, vampiric 2
a: Exsanguinate, Renounce Religion, Stomp


You were on level 7 of the Dungeon.
You worshipped Uskayaw.
Uskayaw was noncommittal.
You visited 1 branch of the dungeon, and saw 7 of its levels.

You collected 239 gold pieces.

Inventory:

Hand Weapons
 a - a +0 rapier
 k - a +2 dagger of venom
 w - a +0 vampiric dagger (weapon)
Missiles
 d - 3 throwing nets
 e - 33 poisoned darts (quivered)
 u - 7 curare-tipped darts
Armour
 b - a +0 leather armour (worn)
 c - a +0 helmet (worn)
 q - a +0 cloak (worn)
Jewellery
 m - a +4 ring of protection (left hand)
 z - a +6 ring of dexterity (right hand)
Wands
 t - a wand of acid (7)
Scrolls
 n - 2 scrolls of immolation {unknown}
 o - 2 scrolls of enchant armour {unknown}
 p - a scroll of summoning {unknown}
 s - a scroll of teleportation {unknown}
 v - a scroll of noise {unknown}
 x - a scroll of amnesia {unknown}
 y - a scroll of identify
Potions
 f - 4 potions of flight
 g - 5 potions of mutation
 h - 2 potions of degeneration {unknown}
 i - 2 potions of attraction
 j - a potion of ambrosia {unknown}
 l - 3 potions of curing {unknown}
 r - a potion of lignification {unknown}


   Skills:
 - Level 1.7 Fighting
 + Level 10.5 Short Blades
 - Level 1.5 Throwing
 - Level 3.2 Dodging
 * Level 7.1 Invocations


You had 8 spell levels left.
You didn't know any spells.
Your spell library contained the following spells:

 Spells                   Type           Power      Damage    Failure   Level
 Magic Dart               Conj           0%         1d3       43%         1
 Sandblast                Erth           0%         2d4       43%         1
 Blink                    Tloc           N/A        N/A       58%         2
 Call Imp                 Summ           0%         N/A       58%         2
 Passwall                 Tmut/Erth      0%         N/A       58%         2
 Slow                     Hex            0%         N/A       58%         2
 Conjure Flame            Conj/Fire      0%         6-21      82%         3
 Gell's Gravitas          Tloc           0%         N/A       82%         3
 Lesser Beckoning         Tloc           0%         N/A       82%         3
 Mephitic Cloud           Conj/Pois/Air  0%         N/A       82%         3
 Stone Arrow              Conj/Erth      0%         3d7       82%         3
 Teleport Other           Tloc           0%         N/A       82%         3
 Petrify                  Tmut/Erth      0%         N/A       99%         4
 Lee's Rapid Deconstruct  Erth           0%         3d5*      100%        5
 Manifold Assault         Tloc           0%         N/A       100%        5


Dungeon Overview and Level Annotations

Branches:
Dungeon (7/15)             Temple (0/1) D:6

Altars:
Elyvilon
Gozag
Qazlal
Sif Muna
Uskayaw

Shops:
D:5 *


Innate Abilities, Weirdness & Mutations

Your natural rate of healing is accelerated.
You have razor-sharp teeth.
You have supernaturally acute eyesight. (SInv)
You are afflicted with vampirism and can become a bat while bloodless.


Message History

You hit the swamp worm.
You feel better.
The swamp worm is moderately wounded.
The swamp worm closely misses you.
You can now pass through a line of other dancers.
You closely miss the swamp worm.
The swamp worm is moderately wounded.
You hit the swamp worm but do no damage.
Your bite misses the swamp worm.
The swamp worm is moderately wounded.
The swamp worm closely misses you.
You barely miss the swamp worm.
The swamp worm is moderately wounded.
The swamp worm bites you!
The swamp worm fires a harpoon shot at you.
The harpoon shot misses you.
You can no longer pass through a line of other dancers.
The swamp worm fires a harpoon shot at you.
The harpoon shot hits you!!
* * * LOW HITPOINT WARNING * * *
You are yanked forward by the harpoon shot.
The swamp worm fires a harpoon shot at you.
The harpoon shot misses you.
The swamp worm fires a harpoon shot at you.
The harpoon shot hits you!
* * * LOW HITPOINT WARNING * * *
You are yanked forward by the harpoon shot.
The swamp worm fires a harpoon shot at you.
The harpoon shot misses you.
The swamp worm fires a harpoon shot at you.
The harpoon shot misses you.
The swamp worm fires a harpoon shot at you.
The harpoon shot hits you!
* * * LOW HITPOINT WARNING * * *
You are yanked forward by the harpoon shot.
The swamp worm fires a harpoon shot at you.
The harpoon shot misses you.
There is a stone staircase leading up here.
The swamp worm fires a harpoon shot at you.
The harpoon shot hits you!
You die...

≈≈ #≈# w≈
≈≈ ### ≈###
#@# ..# #.#
#.# #w# #W#
#W# #.# #.#
#.# #.# #.#
#.#
#.#######.#
#.........#


You could see a swamp worm and a phantom.

Vanquished Creatures
  A two-headed ogre (D:6)
  An ice beast (D:6)
  2 sky beasts (D:5)
  A black bear (D:6)
  A necrophage (D:6)
  A centaur (D:6)
  2 ogres
  A phantom (D:5)
  2 scorpions
  A wyvern skeleton (D:6)
  3 hounds
  5 orc priests
  A bullfrog skeleton (D:4)
  A centaur skeleton (D:4)
  3 orc wizards
  A hound skeleton (D:4)
  5 adders
  A shadow imp (D:4)
  A white imp (D:6)
  An ufetubus (D:6)
  2 adder skeletons (D:4)
  A worm (D:2)
  6 dart slugs
  28 orcs
  4 ball pythons
  8 endoplasms
  3 giant cockroaches
  6 goblins
  3 hobgoblins
  4 jackals (D:2)
  4 quokkas
  4 bats
  5 frilled lizards
  6 kobolds
  6 rats
125 creatures vanquished.

Vanquished Creatures (others)
  3 plants (D:7)
3 creatures vanquished.

Grand Total: 128 creatures vanquished

Notes
Turn   | Place    | Note
-------+----------+-------------------------------------------
     0 | D:1      | siradein the Vampire Gladiator began the quest for the Orb.
     0 | D:1      | Reached XP level 1. HP: 16/16 MP: 1/1
    20 | D:1      | Found a faded altar of an unknown god.
   107 | D:1      | Reached skill level 4 in Short Blades
   107 | D:1      | Reached XP level 2. HP: 21/22 MP: 2/2
   599 | D:1      | Gained mutation: You are afflicted with vampirism and can
                  | become a bat while bloodless. [Vampire growth]
   599 | D:1      | Reached XP level 3. HP: 27/27 MP: 3/3
   951 | D:2      | Reached skill level 5 in Short Blades
  1204 | D:2      | Reached XP level 4. HP: 28/33 MP: 4/4
  1645 | D:3      | Found a stormy altar of Qazlal.
  1686 | D:3      | Reached skill level 6 in Short Blades
  1713 | D:3      | Reached XP level 5. HP: 34/38 MP: 5/5
  1965 | D:3      | Found a shimmering blue altar of Sif Muna.
  1978 | D:3      | Found a hide-covered altar of Uskayaw.
  2375 | D:3      | Reached skill level 7 in Short Blades
  2604 | D:3      | Became a worshipper of Uskayaw the Reveller
  2647 | D:4      | Reached * piety under Uskayaw
  2870 | D:4      | Reached XP level 6. HP: 40/44 MP: 2/6
  2877 | D:4      | Reached ** piety under Uskayaw
  2914 | D:4      | Reached skill level 8 in Short Blades
  3122 | D:4      | Reached *** piety under Uskayaw
  3360 | D:5      | Entered Level 5 of the Dungeon
  3368 | D:5      | Reached skill level 1 in Invocations
  3368 | D:5      | Reached XP level 7. HP: 49/49 MP: 3/7
  3643 | D:5      | Reached skill level 9 in Short Blades
  3741 | D:5      | Found Cogottes's Assorted Antiques.
  4233 | D:6      | Reached XP level 8. HP: 55/55 MP: 9/11
  4427 | D:6      | Reached skill level 5 in Invocations
  4527 | D:6      | Noticed a two-headed ogre
  4649 | D:6      | Found an opulent altar of Gozag.
  4733 | D:6      | Found a staircase to the Ecumenical Temple.
  5153 | D:6      | Killed a two-headed ogre
  5154 | D:6      | Reached skill level 10 in Short Blades
  5154 | D:6      | Reached XP level 9. HP: 10/61 MP: 8/14
  5586 | D:7      | HP: 1/61 [swamp worm/harpoon shot (7)]
  5589 | D:7      | Killed from afar by a swamp worm

Illustrated notes

Levels and vault maps discovered:
D:1:      mainiacjoe_arrival_reflecting_pool, layout_loops_ring,
          ebering_ecumenical_altar_webs
D:2:      layout_loops_ring
D:3:      layout_basic, overflow_temple_1_default,
          amethyst_overflow_temple_binary, minivault_19, glass_columns_a,
          amethyst_killhole
D:4:      layout_basic, elyvilon_altar_1, uniq_crazy_yiuf_cottage
D:5:      layout_loops_ring, serial_shops, shop
D:6:      layout_rooms, nicolae_gozag_cash_rules_everything_around_me,
          minmay_temple_entry_crystal_x, kennysheep_small_square
D:7:      minmay_the_grid_octo_tiled_squarecenter
          [minmay_the_grid_octo_pinwheel, minmay_the_grid_octo_concentric,
          minmay_the_grid_octo_focus, minmay_the_grid_octo_odd_swirl,
          minmay_the_grid_square_5x5_megaprize_checkered,
          minmay_the_grid_square_5x5_n_small,
          minmay_the_grid_square_5x5_intrusive_squares,
          minmay_the_grid_square_5x5_half_checkered,
          minmay_the_grid_square_5x5_lines], layout_basic,
          overflow_temple_1_default, lemuel_tele_altar, cheibriados_altar_2,
          worms_lemuel, uniq_harold

Skill      XL: |  1  2  3  4  5  6  7  8 |
---------------+-------------------------+-----
Short Blades   | 4 5 6 7 8 9 10 | 10.5
Invocations    | 1 4 7 |  7.1
Fighting       | |  1.7
Throwing       | |  1.5
Dodging        | |  3.2

Action                   |  1- 3 |  4- 6 |  7- 9 || total
-------------------------+-------+-------+-------++-------
Melee: Rapier            |    95 |       |       ||    95
       Bite              |     9 |    24 |    38 ||    71
       Dagger            |    18 |   198 |   228 ||   444
Invok: Stomp             |       |     5 |    16 ||    21
Evoke: Wand              |       |       |     1 ||     1
  Use: Scroll            |       |     3 |       ||     3
 Stab: Sleeping          |     1 |       |     1 ||     2
Armor: Leather armour    |    27 |    64 |    48 ||   139
Dodge: Dodged            |    73 |   106 |   114 ||   293

Table legend: (Time is in decaauts)
 A = Elapsed time spent in this place.
 B = Non-inter-level travel time spent in this place.
 C = Inter-level travel time spent in this place.
 D = Time resting spent in this place.
 E = Time spent auto-exploring this place.
 F = Levels seen in this place.
 G = Mean time per level.
                   A        B        C        D        E       F      G
               +--------+--------+--------+--------+--------+-----+--------+
         Total |   5401 |   5168 |    233 |     75 |   4123 |   7 |  771.6 |
       Dungeon |   5401 |   5168 |    233 |     75 |   4123 |   7 |  771.6 |
               +--------+--------+--------+--------+--------+-----+--------+

Top non-repeatable levels by time:
     D:6: 1054 daAuts
     D:5: 997 daAuts
     D:3: 971 daAuts
     D:2: 876 daAuts
     D:1: 754 daAuts
     D:4: 683 daAuts
     D:7: 63 daAuts
